[Event "*** SCC Grand Prix: Titled Tuesday Blitz"]
[Site "Chess.com"]
[Date "2020.06.09"]
[Round "8"]
[White "nihalsarin"]
[Black "WIDBIFS"]
[Result "1-0"]
[WhiteElo "2990"]
[BlackElo "2691"]
[TimeControl "180+1"]
[EndTime "10:36:08 PDT"]
[Termination "nihalsarin won by resignation"]

1. c4 Nf6 2. Nc3 g6 3. e4 d6 4. d4 Bg7 5. h3 O-O 6. Be3 Na6 7. g4 e5 8. d5 c6 9. Nge2 Bd7 10. Ng3 Ne8 11. Be2 Nec7 12. a3 cxd5 13. cxd5 b5 14. b4 Bf6 15. Qd2 Bh4 16. Rg1 f6 17. Rc1 Bg5 18. Rh1 Bh4 19. Rg1 Bg5 20. Rh1 Bh4 21. Nf1 Qe7 22. Nh2 Bg5 23. h4 Bxe3 24.
Qxe3 Rfc8 25. Kd2 Nb8 26. Nf1 a6 27. Ng3 Be8 28. h5 g5 29. Nf5 Qf8 30. Qb6 Nd7 31. Qxd6 Qxd6 32. Nxd6 Rcb8 33. Nd1 Ra7 34. Ne3 Kf8 35.
Rc3 Nb6 36. Rhc1 Nba8 37. Nxe8 Kxe8 38. Nf5 Kd7 39. Rc6 Ne8 40. Re6 Nac7 41. Re7+ Kd8 42.
Rxh7 Rb6 43. Rc6 Rxc6 44. dxc6 a5 45. Rd7+ Kc8 46. Ne7+ 1-0

[Event "*** SCC Grand Prix: Titled Tuesday Blitz"]
[Site "Chess.com"]
[Date "2020.06.09"]
[Round "8"]
[White "Kopytkin"]
[Black "Nikithebest"]
[Result "1-0"]
[WhiteElo "2355"]
[BlackElo "2432"]
[TimeControl "180+1"]
[EndTime "10:36:08 PDT"]
[Termination "Kopytkin won on time"]

1. e4 c5 2. d4 cxd4 3. c3 Nf6 4. e5 Nd5 5. cxd4 d6 6. Bc4 e6 7. Nf3 Nc6 8. O-O Be7 9. exd6 Qxd6 10. Nc3 Nxc3 11.
bxc3 O-O 12. Re1 Bf6 13. a4 b6 14. Ba3 Qc7 15. Bxf8 Kxf8 16. Bd3 g6 17. Qc1 Bg7 18. Qg5 Bb7 19. Rac1 Rc8 20. h4 h6 21. Qe3 Na5 22. h5 g5 23. Ne5 Nc6 24. f4 Nxe5 25. fxe5 Kg8 26. Be4 Ba6 27. Bd3 Bb7 28. Rf1 Rd8 29.
Rf2 Rd7 30. Be4 Ba6 31. Bd3 Bb7 32. Bb1 Qc6 33. Rcf1 Qxa4 34. Be4 Ba6 35. Bd3 Bb7 36. Bc2 Qc6 37. Qd3 a5 38. Qh7+ Kf8 39. Qg6 Qc7 40. Qxe6 Kg8 41. Qf5 Bd5 42. Qh7+ Kf8 43. Bf5 Re7 44.
e6 f6 45. Qg6 Bc6 46. Bg4 Kg8 47. Rxf6 1-0

[Event "*** SCC Grand Prix: Titled Tuesday Blitz"]
[Site "Chess.com"]
[Date "2020.06.09"]
[Round "8"]
[White "Berardino"]
[Black "ZverevLev"]
[Result "1-0"]
[WhiteElo "2530"]
[BlackElo "2280"]
[TimeControl "180+1"]
[EndTime "10:36:09 PDT"]
[Termination "Berardino won by resignation"]

1. e4 c5 2. Nf3 d6 3. d4 cxd4 4. Nxd4 Nf6 5. Nc3 a6 6. a3 e6 7.
f4 Nc6 8. Be3 Be7 9. Bd3 O-O 10.
O-O Qc7 11. Kh1 b5 12. Qf3 Bb7 13. Qg3 Rfe8 14. Nxc6 Bxc6 15. e5 Nd5 16. Nxd5 Bxd5 17.
Bd4 Bf8 18. Qh4 g6 19. exd6 Qxd6 20. Qf6 e5 21. Bxe5 Qxf6 22. Bxf6 Bd6 23. Rad1 Rac8 24. f5 Bb7 25. fxg6 hxg6 26. c3 Re6 27. Rde1 Rce8 28.
Rxe6 Rxe6 29. Bd4 Bd5 30. Kg1 f5 31. g3 Be5 32. Bxe5 Rxe5 33. Kf2 g5 34. Re1 Rxe1 35. Kxe1 Be6 36. Kf2 Kf7 37. h4 gxh4 38. gxh4 Kg6 39. Kg3 Kh5 40. Be2+ Kg6 41. Kf4 Kf6 42. Bf3 Bf7 43. b4 Kg6 44. Bb7 Kh5 45. Bxa6 Be8 46.
Kxf5 Kxh4 47. Ke5 Kg4 48. Kd4 Kf4 49. Kc5 Ke4 50. Bxb5 Bf7 51. a4 1-0

[Event "*** SCC Grand Prix: Titled Tuesday Blitz"]
[Site "Chess.com"]
[Date "2020.06.09"]
[Round "8"]
[White "blitzking1729"]
[Black "2346PL"]
[Result "1-0"]
[WhiteElo "2556"]
[BlackElo "2422"]
[TimeControl "180+1"]
[EndTime "10:36:09 PDT"]
[Termination "blitzking1729 won by checkmate"]

1. d4 f5 2. Bg5 h6 3. Bh4 g5 4. Bg3 Bg7 5. e3 Nf6 6. Nd2 c5 7. c3 b6 8. Qf3 d5 9. h4 g4 10. Qd1 O-O 11. Bd3 c4 12. Bc2 Ne4 13. Ne2 Nc6 14. f3 Nxg3 15. Nxg3 e5 16. dxe5 Nxe5 17. Nh5 Bh8 18. Nf4 Qe8 19. Qe2 Bb7 20. O-O-O b5 21.
Nb1 b4 22. Nxd5 Bxd5 23. Rxd5 Rb8 24. f4 b3 25. axb3 cxb3 26. fxe5 bxc2 27. Qxc2 Bxe5 28.
Rf1 Qe6 29. Rfd1 Kh8 30. Na3 Rfc8 31. Qd3 Rf8 32. Nc4 Bg7 33. Rd6 Qe7 34. Rd7 Qxh4 35. Qd5 Qf2 36. Rd2 Qf1+ 37. Kc2 Rbc8 38. Ne5 Qa6 39.
Rd6 Qa4+ 40. b3 Qa2+ 41. Kd1 Qb1+ 42. Ke2 Kh7 43. Qe6 f4 44. Qg6+ Kh8 45. Qxb1 Bxe5 46.
Rxh6+ Kg7 47. Qh7# 1-0

[Event "*** SCC Grand Prix: Titled Tuesday Blitz"]
[Site "Chess.com"]
[Date "2020.06.09"]
[Round "8"]
[White "AliKa2810"]
[Black "Love_craft"]
[Result "1-0"]
[WhiteElo "2588"]
[BlackElo "2449"]
[TimeControl "180+1"]
[EndTime "10:36:11 PDT"]
[Termination "AliKa2810 won on time"]

1. d4 Nf6 2. c4 g6 3. Nc3 d6 4. e4 Bg7 5. Be2 Nbd7 6. Be3 e6 7. h3 O-O 8. Nf3 c5 9. O-O cxd4 10. Nxd4 Nc5 11. Qc2 a6 12. Rad1 Qc7 13. Rfe1 b6 14. Bf3 Bb7 15. b3 Rfd8 16. Qd2 Nfxe4 17. Bxe4 Nxe4 18. Nxe4 Bxe4 19. Bg5 Bb7 20. Bxd8 Rxd8 21. Qe3 d5 22. cxd5 Rxd5 23. Nxe6 fxe6 24. Qxe6+ Qf7 25. Rxd5 Bxd5 26. Qxb6 h5 27. Qxa6 Qf5 28. Qe2 Kh7 29. Rd1 Bc6 30. a4 Qf7 31. Qe3 Ba8 32. b4 Qb7 33. Qf3 Qa6 34. Qb3 Qb7 35. f3 Qa7+ 36. Kh2 Be5+ 37. Kh1 Qc7 38. b5 Bg3 39. Qe6 Kh6 40.
Qe3+ Bf4 41. Qd3 Qf7 42. Qd7 Qf6 43. Qd8 1-0

[Event "*** SCC Grand Prix: Titled Tuesday Blitz"]
[Site "Chess.com"]
[Date "2020.06.09"]
[Round "8"]
[White "Vandros57"]
[Black "Azoulas1"]
[Result "1/2-1/2"]
[WhiteElo "2220"]
[BlackElo "1990"]
[TimeControl "180+1"]
[EndTime "10:36:11 PDT"]
[Termination "Game drawn by repetition"]

1. d4 Nf6 2. Nf3 e6 3. c4 c5 4. e3 d6 5. Nc3 Nbd7 6. g3 a6 7. Bg2 Rb8 8. O-O b6 9. b3 Bb7 10. Bb2 Be7 11. Qe2 O-O 12. Rfd1 Qc7 13. Ne1 Bxg2 14. Nxg2 b5 15. dxc5 Nxc5 16. Rac1 bxc4 17. Qxc4 d5 18. Qe2 Qa7 19. Nf4 Nce4 20. Nxe4 Nxe4 21. Rc6 Bf6 22. Bxf6 Nxf6 23. Qxa6 Qxa6 24. Rxa6 Rfc8 25. Nd3 g6 26. h3 Rc2 27. Rf1 Ne4 28. Ra7 Rd2 29.
Ne5 Rf8 30. b4 f6 31. Ng4 h5 32.
Nh2 h4 33. g4 Ng5 34. Kg2 f5 35. Nf3 Nxf3 36. Kxf3 fxg4+ 37. Kxg4 Rfxf2 38. Rxf2 Rxf2 39. b5 Rb2 40. a4 e5 41. Rb7 d4 42. exd4 exd4 43.
a5 d3 44. a6 d2 45. Rd7 Rxb5 46. a7 Ra5 47. Rxd2 Rxa7 48. Kxh4 Kg7 49. Kg5 Ra5+ 50.
Kg4 Rf5 51. Kg3 Rh5 52. h4 Rf5 53. Rd7+ Kh6 54. Rd6 Rh5 55. Rc6 Rf5 56. Kg4 Rh5 57.
Rd6 Rf5 58. Rc6 Rh5 59. Rd6 Rf5 60. Rc6 1/2-1/2

[Event "*** SCC Grand Prix: Titled Tuesday Blitz"]
[Site "Chess.com"]
[Date "2020.06.09"]
[Round "8"]
[White "Gandrade2"]
[Black "quesfr"]
[Result "1-0"]
[WhiteElo "2031"]
[BlackElo "2229"]
[TimeControl "180+1"]
[EndTime "10:36:12 PDT"]
[Termination "Gandrade2 won by checkmate"]

1. d4 d5 2. c4 e6 3. cxd5 exd5 4. Nc3 c6 5. Bf4 Bd6 6. Bxd6 Qxd6 7. e3 Ne7 8. Bd3 Bf5 9. Nf3 Nd7 10. h3 O-O 11. O-O Rae8 12. Rb1 a5 13. a3 f6 14.
b4 axb4 15. axb4 b5 16. Re1 Nb6 17. e4 dxe4 18. Nxe4 Bxe4 19. Bxe4 Ned5 20. Qb3 Kh8 21. Rbc1 Nc4 22. Bd3 Rxe1+ 23. Rxe1 Ndb6 24. Qb1 g6 25. Nh4 Qxd4 26. Re4 Qb2 27. Qe1 Ne5 28. Bb1 Nd5 29.
f4 Nf7 30. Re8 Kg7 31. Re2 Qd4+ 32. Kh1 Qxf4 33. Nf3 Rd8 34. Re4 Qd6 35. Nd4 Qxb4 36. Ne6+ Kg8 37. Rxb4 Re8 38. Re4 Ne5 39. Nc5 Nc3 40.
Qxc3 Nc4 41. Rxe8+ Kf7 42. Ba2 Kxe8 43. Bxc4 Kd8 44.
Bd3 Kc7 45. Qxf6 b4 46. Nb3 Kb6 47. Qd6 Kb7 48. Qxb4+ Kc8 49. Be4 Kd7 50. Qc5 g5 51. Qxc6+ Ke7 52. Qh6 Kd8 53. Qxg5+ Kc7 54. Qd5 Kb6 55.
Qc6+ Ka7 56. Qb7# 1-0

[Event "*** SCC Grand Prix: Titled Tuesday Blitz"]
[Site "Chess.com"]
[Date "2020.06.09"]
[Round "8"]
[White "XiaoKangZhong"]
[Black "Fins0905"]
[Result "1/2-1/2"]
[WhiteElo "2398"]
[BlackElo "2625"]
[TimeControl "180+1"]
[EndTime "10:36:13 PDT"]
[Termination "Game drawn by repetition"]

1. e4 d5 2. exd5 Qxd5 3. Nf3 Nf6 4. d4 Bg4 5. Be2 e6 6. h3 Bh5 7. O-O Be7 8. Nc3 Qd8 9. Be3 O-O 10. Ne5 Bg6 11.
Bf3 c6 12. Nxg6 hxg6 13. Ne4 Nbd7 14. c3 Nxe4 15. Bxe4 Nf6 16. Bf3 Nd5 17. Bd2 Bd6 18. Re1 a5 19. Qc2 a4 20. Re2 b5 21. Rae1 Qc7 22.
c4 bxc4 23. Qxc4 Qb6 24. Bc3 Rfc8 25. Rxe6 fxe6 26. Rxe6 Qd8 27. Rxg6 Kh8 28. Bxd5 cxd5 29. Qe2 Qe8 30. Qh5+ Kg8 31. Qxd5+ Qf7 32. Qxd6 a3 33. d5 axb2 34. Bxb2 Rd8 35. Qe6 Qxe6 36. dxe6 Ra7 37. Be5 Re8 38. f4 Kh7 39. f5 Ra5 40. Rxg7+ Kh6 41.
Rg6+ Kh7 42. Rg7+ Kh6 43. Bd4 Rxf5 44. Rg3 Rxe6 45. Bf2 Kh7 46. Rf3 Rxf3 47. gxf3 Ra6 48. Kg2 Ra4 49. Kg3 Rxa2 50. Be3 Ra4 51. Bf4 Kg6 52.
Be3 Kf5 53. Bf2 Ra3 54. Bg1 Rb3 55. Bf2 Rb5 56. Bg1 Rb3 57. Bf2 Rb5 58. Bg1 Rb3 1/2-1/2

[Event "*** SCC Grand Prix: Titled Tuesday Blitz"]
[Site "Chess.com"]
[Date "2020.06.09"]
[Round "8"]
[White "Haapana"]
[Black "Roman_Ovetchkin"]
[Result "0-1"]
[WhiteElo "2387"]
[BlackElo "2574"]
[TimeControl "180+1"]
[EndTime "10:36:13 PDT"]
[Termination "Roman_Ovetchkin won on time"]

1. d4 Nf6 2. c4 g6 3. Nf3 Bg7 4. g3 O-O 5. Bg2 d6 6. O-O Nbd7 7. Nc3 e5 8. h3 c6 9. e4 Re8 10. dxe5 dxe5 11. Qc2 Qe7 12. Be3 Nc5 13. Rfd1 a5 14. Bxc5 Qxc5 15. Na4 Qe7 16. c5 Nd7 17. Rd3 Bf8 18.
Rc1 Ra7 19. Nd2 Bh6 20. Rd1 Bxd2 21. R1xd2 Nf8 22. Qc3 f6 23. Nb6 Be6 24. b3 Kg7 25. h4 Raa8 26. Bf3 Rad8 27. Rd6 Rxd6 28. cxd6 Qd8 29. Qxa5 Nd7 30. Nc4 Bxc4 31. Qxd8 Rxd8 32. bxc4 Nc5 33. h5 Kf7 34. hxg6+ hxg6 35. Bg2 Ke6 36. Bh3+ f5 37. exf5+ gxf5 38. f3 Kf6 39. g4 f4 40.
Kf2 Ne6 41. Bf1 c5 42. Rd5 b6 43. Bd3 Nd4 44. Be4 Ke6 45. g5 Rxd6 46. g6 Rxd5 47. cxd5+ Kf6 48. d6 Ne6 49. Ke2 Nf8 50. Kd3 b5 0-1

[Event "*** SCC Grand Prix: Titled Tuesday Blitz"]
[Site "Chess.com"]
[Date "2020.06.09"]
[Round "8"]
[White "1f3_2g41-0"]
[Black "DanielTitichoca"]
[Result "1-0"]
[WhiteElo "2217"]
[BlackElo "2322"]
[TimeControl "180+1"]
[EndTime "10:36:13 PDT"]
[Termination "1f3_2g41-0 won by checkmate"]

1. e4 c5 2. Nf3 Nc6 3. Bb5 g6 4. O-O Bg7 5. c3 Nf6 6. d4 cxd4 7. cxd4 Nxe4 8. d5 Nd6 9. Ba4 b5 10. dxc6 bxa4 11. Qxa4 dxc6 12. Qxc6+ Bd7 13. Qc2 O-O 14. Nc3 Rc8 15. Bf4 Qa5 16. Rac1 Bc6 17. Qd3 Bb7 18. Rfe1 Rfd8 19. Qe2 Nf5 20. Ne5 Nd4 21. Qg4 e6 22. h4 Nf5 23. h5 Rd4 24. hxg6 hxg6 25.
Nf3 e5 26. Nxd4 Nxd4 27. Bg3 Qb6 28. Nd5 Rxc1 29. Nxb6 Rxe1+ 30. Kh2 axb6 31. Qd7 Nf3+ 32. gxf3 Bxf3 33. Kh3 Rh1+ 34. Bh2 Bh6 35. Qe8+ Bf8 36.
Qxe5 f5 37. Kg3 Be4 38. f3 Bb1 39. Kg2 Rc1 40. Qe6+ Kg7 41. Be5+ Kh7 42. Qf7+ Kh6 43. Qxf8+ Kg5 44. Qf7 Kh5 45. Qh7+ Kg5 46. f4+ Kg4 47.
Qh3# 1-0

[Event "*** SCC Grand Prix: Titled Tuesday Blitz"]
[Site "Chess.com"]
[Date "2020.06.09"]
[Round "8"]
[White "szachuspl"]
[Black "Vesper2018"]
[Result "1-0"]
[WhiteElo "2561"]
[BlackElo "2420"]
[TimeControl "180+1"]
[EndTime "10:36:14 PDT"]
[Termination "szachuspl won by resignation"]

1. d4 Nf6 2. c4 g6 3. Nc3 Bg7 4. e4 d6 5. Be2 O-O 6. Nf3 e5 7. Be3 exd4 8. Nxd4 Re8 9. f3 c6 10. Bf2 d5 11. exd5 cxd5 12. c5 Nc6 13. O-O Bf8 14. Nb3 a6 15. Qd2 Be6 16. Rfd1 Rc8 17. Rac1 Ne5 18. Na4 Nc4 19. Qf4 Nd7 20. Bf1 Qf6 21.
Qxf6 Nxf6 22. Nd4 Bh6 23. Rc3 Ne5 24. Nb6 Rcd8 25. b4 Nfd7 26. Nxe6 fxe6 27. Na4 Nb8 28.
a3 Nbc6 29. Nb2 Rd7 30. Nd3 Nc4 31. Ne1 Red8 32. Nc2 Nb2 33. Re1 Bd2 34. Rb3 Bxe1 35. Bxe1 Nc4 36. Bg3 e5 37. Rd3 Ne7 38. Rd1 Nf5 39.
Bf2 Nb2 40. Rb1 Na4 41. Na1 d4 42. Bd3 Kg7 43. Nb3 Nc3 44. Re1 Re7 45. Nd2 Re6 46.
Nc4 Rde8 47. g4 Nh6 48. Nd6 Nf7 49. Nxe8+ Rxe8 50. Bxd4 Rd8 51. Bxc3 Rxd3 52. Bxe5+ Nxe5 53. Rxe5 Kf6 54. Re8 Rxa3 55. Rb8 Rxf3 56. Rf8+ 1-0

[Event "*** SCC Grand Prix: Titled Tuesday Blitz"]
[Site "Chess.com"]
[Date "2020.06.09"]
[Round "8"]
[White "Guenplen"]
[Black "Infernal_XaM"]
[Result "1-0"]
[WhiteElo "2913"]
[BlackElo "2763"]
[TimeControl "180+1"]
[EndTime "10:36:15 PDT"]
[Termination "Guenplen won by checkmate"]

1. d4 c5 2. d5 d6 3. c4 Nf6 4. Nc3 g6 5. e4 Bg7 6. h3 O-O 7. Nf3 e6 8. Bd3 exd5 9. cxd5 a6 10. a4 Nbd7 11. Bf4 Qe7 12. O-O Nh5 13. Bh2 Ne5 14.
Be2 Nxf3+ 15. Bxf3 Nf6 16. e5 dxe5 17. d6 Qe6 18. Re1 Nd7 19. a5 Kh8 20. Qa4 Qxd6 21. Rad1 Qe6 22. Nd5 Rb8 23. Nc7 Qe7 24. Nd5 Qd6 25. Qh4 Qe6 26. b4 f5 27. bxc5 Nxc5 28. Qb4 Nd7 29. Nc7 Qf6 30. Rd6 Qe7 31. Nd5 Qf7 32. Bd1 Re8 33. Nc7 Re7 34. Bb3 Qf8 35. Ne6 Qe8 36. Nxg7 Kxg7 37. Qc3 Kh6 38. g4 fxg4 39. hxg4 Kg7 40. f4 b5 41. fxe5 Nf8 42. e6+ Kg8 43. Qf6 Bb7 44. Be5 Rg7 45. e7+ Ne6 46. Bxe6+ Qf7 47. Bxf7+ Kh8 48. Qxg7# 1-0

[Event "*** SCC Grand Prix: Titled Tuesday Blitz"]
[Site "Chess.com"]
[Date "2020.06.09"]
[Round "8"]
[White "PotapovaM"]
[Black "CalinGheorghiu"]
[Result "0-1"]
[WhiteElo "2433"]
[BlackElo "2356"]
[TimeControl "180+1"]
[EndTime "10:36:15 PDT"]
[Termination "CalinGheorghiu won on time"]

1. d4 Nf6 2. c4 g6 3. Nc3 Bg7 4. e4 d6 5. h3 O-O 6. Be3 c5 7. d5 Nbd7 8. Nf3 a6 9. Be2 Rb8 10. a4 Ne5 11. Nxe5 dxe5 12. Bxc5 b5 13. b4 bxc4 14.
O-O Nd7 15. Bxc4 Nxc5 16. bxc5 Qa5 17. Qd3 Qxc5 18. Rfc1 Qd4 19. Bxa6 Rb2 20. Qxd4 exd4 21. Nd1 Bxa6 22. Nxb2 d3 23. Rab1 d2 24. Rd1 Bc3 25.
e5 Rb8 26. d6 exd6 27. exd6 Kf8 28. d7 Ke7 29. d8=Q+ Kxd8 30. f4 Ke7 31. g4 Bxb2 32. Rxd2 Bd4+ 33. Rxd4 Rxb1+ 34. Kf2 Bb7 35. Rc4 Rb2+ 36.
Ke3 Rb3+ 37. Kd4 Kd6 38. f5 gxf5 39. gxf5 Rxh3 40. Rc1 Rh4+ 41. Kc3 h5 42. Kb3 Rf4 43. a5 Bd5+ 44. Ka3 h4 45. a6 h3 46. a7 Rh4 47.
Rd1 Rh8 48. Kb4 h2 0-1

[Event "*** SCC Grand Prix: Titled Tuesday Blitz"]
[Site "Chess.com"]
[Date "2020.06.09"]
[Round "8"]
[White "mamonika"]
[Black "PauloFanha"]
[Result "1/2-1/2"]
[WhiteElo "1937"]
[BlackElo "1988"]
[TimeControl "180+1"]
[EndTime "10:36:15 PDT"]
[Termination "Game drawn by repetition"]

1. e4 d5 2. exd5 Qxd5 3. Nc3 Qd6 4. d4 Nf6 5. Bc4 c6 6. Nge2 Bg4 7. O-O e6 8. Qd3 Qc7 9. Bf4 Bd6 10. Bxd6 Qxd6 11. Ng3 g6 12. h3 Bf5 13. Nxf5 gxf5 14. Rfe1 Nbd7 15. Qxf5 O-O-O 16. Qd3 Nb6 17. Ne4 Nxe4 18. Rxe4 Nxc4 19. Qxc4 Rhg8 20. c3 Rg5 21. Qe2 Rdg8 22.
Rg4 Rxg4 23. hxg4 Qf4 24. f3 h5 25. gxh5 Rg5 26. h6 Rh5 27. h7 Rxh7 28. Qe4 Qh2+ 29.
Kf2 Rg7 30. Rg1 Qg3+ 31. Kf1 Rg5 32. Qe1 Qf4 33. Qe2 Qc1+ 34. Kf2 Qf4 35. Qe3 Qh4+ 36.
Kf1 Qg3 37. Qf2 Qf4 38. Qe1 e5 39. dxe5 Rxe5 40. Qd1 Qe3 41. Rh1 Kc7 42. Rh3 Qf4 43. Rh1 Qc4+ 44. Kg1 Qc5+ 45. Kh2 Rh5+ 46. Kg3 Qe5+ 47.
Kf2 Qc5+ 48. Kg3 Qg5+ 49. Kf2 Qc5+ 50. Kg3 1/2-1/2

[Event "*** SCC Grand Prix: Titled Tuesday Blitz"]
[Site "Chess.com"]
[Date "2020.06.09"]
[Round "8"]
[White "louis198"]
[Black "Ginger_GM"]
[Result "1-0"]
[WhiteElo "2466"]
[BlackElo "2562"]
[TimeControl "180+1"]
[EndTime "10:36:16 PDT"]
[Termination "louis198 won by resignation"]

1. d4 Nf6 2. Bf4 d6 3. e3 Nc6 4.
Nf3 Bg4 5. Bc4 e6 6. O-O Be7 7. h3 Bh5 8. c3 O-O 9. Nbd2 Re8 10. b4 Bf8 11. Qb3 a5 12. b5 a4 13. Qc2 Ne7 14. Bh2 Bg6 15. Bd3 Nc8 16. c4 Nd7 17. Bxg6 hxg6 18. Rfd1 Qe7 19. Ne4 Nf6 20. Nxf6+ gxf6 21.
Rac1 f5 22. c5 d5 23. Rb1 Bg7 24. Rb4 a3 25. Rdb1 f6 26. Ra4 Rxa4 27. Qxa4 e5 28. Qxa3 e4 29. Nd2 g5 30. Qb3 Qe6 31. a4 Bh6 32. Bxc7 f4 33. c6 bxc6 34. b6 Nxb6 35. Qxb6 fxe3 36. fxe3 g4 37. Nf1 gxh3 38. Qb2 Kh7 39.
Qf2 Rg8 40. g3 Rg5 41. Bf4 Rf5 42. Rb7+ Kg6 43. a5 c5 44. Rb6 Qc8 45. g4 Rxf4 46.
exf4 cxd4 47. f5+ Kh7 48. Qxd4 Bg5 49. Qxd5 h2+ 50. Kh1 Qc1 51. Qf7+ 1-0

[Event "*** SCC Grand Prix: Titled Tuesday Blitz"]
[Site "Chess.com"]
[Date "2020.06.09"]
[Round "8"]
[White "zajka-molotok"]
[Black "Alopekos"]
[Result "0-1"]
[WhiteElo "2389"]
[BlackElo "2499"]
[TimeControl "180+1"]
[EndTime "10:36:16 PDT"]
[Termination "Alopekos won on time"]

1. b4 Nf6 2. Bb2 e6 3. b5 d5 4. e3 Be7 5. Nf3 O-O 6. Be2 a6 7. a4 axb5 8. axb5 Rxa1 9. Bxa1 c5 10. O-O Nbd7 11. d3 Qa5 12. Nc3 Nb6 13. Ne5 Nfd7 14. f4 f6 15. Nf3 e5 16. fxe5 fxe5 17. Qb1 Qb4 18. Qxb4 cxb4 19. Nb1 Bf6 20. Nbd2 Na4 21. Rb1 Nc3 22. Bxc3 bxc3 23. Nf1 e4 24. Nd4 exd3 25.
Bxd3 Nc5 26. Be2 Re8 27. Bf3 Ne4 28. Ra1 g5 29. h3 Kg7 30. Ra7 Kg6 31. Ra8 h5 32.
Bxe4+ dxe4 33. Ra3 Bd7 34. Rxc3 Bxd4 35. exd4 Bxb5 36.
Ne3 Ra8 37. Rb3 Ra1+ 38. Kf2 Ba6 39. Rb2 Rc1 40. g3 Kf6 41. Ra2 Ke6 42. Rb2 h4 43. c4 hxg3+ 44. Kxg3 Rc3 45. Kf2 Rd3 46. d5+ Ke5 47. Rb6 Kf4 0-1

[Event "*** SCC Grand Prix: Titled Tuesday Blitz"]
[Site "Chess.com"]
[Date "2020.06.09"]
[Round "8"]
[White "VALPARAISO37"]
[Black "Escanor89"]
[Result "1-0"]
[WhiteElo "2414"]
[BlackElo "2507"]
[TimeControl "180+1"]
[EndTime "10:36:17 PDT"]
[Termination "VALPARAISO37 won on time"]

1. d4 Nf6 2. c4 e6 3. Nc3 Bb4 4. a3 Bxc3+ 5. bxc3 c5 6. e3 b6 7. Bd3 Nc6 8. e4 d6 9. Nf3 e5 10. d5 Ne7 11. h3 O-O 12. Be3 Ng6 13. Qd2 Nh5 14.
Bg5 f6 15. Be3 Nhf4 16. g4 Bd7 17. a4 Qe8 18. Bc2 a6 19. Kf1 b5 20. Ng1 bxc4 21.
Ne2 Rb8 22. Nxf4 exf4 23. Bxf4 Nxf4 24. Qxf4 Rb2 25. Qc1 Rb7 26. Qf4 Qe5 27. Qxe5 fxe5 28. Kg2 Rb2 29. Rhc1 g5 30. Kg3 h6 31. f3 Kg7 32.
Rab1 Rfb8 33. Rxb2 Rxb2 34. h4 Kf6 35. hxg5+ Kxg5 36.
Bd1 Ra2 37. Rb1 Bxa4 38. Bxa4 Rxa4 39. Rb6 Ra3 40. Rxd6 Rxc3 41. Rxa6 Rd3 42. Rc6 c3 43. Rxc5 h5 44. gxh5 Kxh5 45. d6 Kg6 46. Rxe5 Rxd6 47. Rc5 Rd3 48. Kf4 Kf6 49. Rc6+ Ke7 50. Kg4 Kd7 51.
Rc4 Kd6 52. f4 Kd7 53. Kf5 Re3 54. e5 Rf3 55. Ke4 Rh3 56. Kd5 Rf3 57. Ke4 Rh3 58.
Kf5 Rd3 59. Kf6 Rf3 60. f5 Rd3 61. e6+ Kd6 62. Rc8 1-0

[Event "*** SCC Grand Prix: Titled Tuesday Blitz"]
[Site "Chess.com"]
[Date "2020.06.09"]
[Round "8"]
[White "DaggiGretarsson"]
[Black "manmanlai1"]
[Result "1-0"]
[WhiteElo "2594"]
[BlackElo "2385"]
[TimeControl "180+1"]
[EndTime "10:36:19 PDT"]
[Termination "DaggiGretarsson won by resignation"]

1. d4 d5 2. c4 e6 3. Nc3 Nf6 4. Bf4 Be7 5. e3 O-O 6. Qc2 a6 7. Nf3 Nbd7 8. cxd5 exd5 9. h3 c6 10. Bd3 Re8 11. O-O-O c5 12. g4 c4 13. Bf5 Nf8 14. g5 Bxf5 15. Qxf5 g6 16. Qe5 Ne4 17. Nxe4 dxe4 18. Qxe4 Bxg5 19. Bxg5 Rxe4 20. Bxd8 Rxd8 21. Ne5 f6 22. Nxc4 Rc8 23. Kd2 Re7 24. Nb6 Rd8 25. Rc1 f5 26. Rhd1 Ne6 27. Kc3 Ng5 28. Kb4 Nxh3 29.
Rd2 Ng5 30. Rdc2 Nf3 31. a4 h5 32. a5 h4 33. Rh1 g5 34. Nc4 g4 35. Nd2 Nxd2 36. Rxd2 h3 37. Rc2 Rdd7 38. Rc5 Rf7 39. Kc4 Rc7 40. b4 Rxc5+ 41. bxc5 Kf8 42. d5 Ke7 43.
Kd4 Kf6 44. d6 Rh7 45. Kd5 Kg5 46. c6 bxc6+ 47. Kxc6 f4 48. exf4+ Kxf4 49. d7 Rh8 50. Kc7 Kf3 51. Rh2 g3 52. fxg3 Kxg3 53. Rh1 Kg2 54.
Rd1 h2 55. d8=Q Rxd8 56. Kxd8 h1=Q 57. Rxh1 Kxh1 58. Kc7 Kg2 59. Kb6 Kf3 60. Kxa6 Ke4 61. Kb7 Kd5 62. a6 1-0

[Event "*** SCC Grand Prix: Titled Tuesday Blitz"]
[Site "Chess.com"]
[Date "2020.06.09"]
[Round "8"]
[White "BogdanBelyakov89"]
[Black "Oleksandr_Bortnyk"]
[Result "1-0"]
[WhiteElo "2651"]
[BlackElo "2924"]
[TimeControl "180+1"]
[EndTime "10:36:20 PDT"]
[Termination "BogdanBelyakov89 won on time"]

1. e4 Nf6 2. e5 Nd5 3. d4 d6 4. Nf3 dxe5 5. Nxe5 c6 6. Be2 Bf5 7. Bd3 Bxd3 8. Qxd3 Nd7 9. Nf3 e6 10. O-O Bd6 11.
Nc3 N7f6 12. Ne4 Nxe4 13. Qxe4 Nf6 14. Qe2 O-O 15. Bg5 h6 16. Bh4 Be7 17. a3 Qb6 18. c3 Rad8 19. Rfe1 Rd5 20. h3 Rfd8 21. Ne5 c5 22.
dxc5 Qxc5 23. Nf3 g5 24. Bg3 Nh5 25. Be5 Bd6 26. c4 Rxe5 27. Nxe5 Nf4 28. Qe3 Qxe5 29. Qxe5 Bxe5 30. Rxe5 Rd2 31. Rb5 b6 32. c5 bxc5 33.
Rxc5 Rxb2 34. Rc7 a5 35. Rc5 Nd3 36. Rxa5 Nxf2 37. a4 Nd3 38. Rb5 Rc2 39. a5 Nf4 40. a6 Rxg2+ 41. Kh1 Rg3 42. a7 Rxh3+ 43. Kg1 Ne2+ 44.
Kf2 Rh2+ 45. Ke3 Nf4 46. a8=Q+ Kg7 47. Rb8 Rh3+ 48. Kd4 Rd3+ 49. Kc4 Rd2 50. Ra5 Rc2+ 51. Kb3 Rd2 52. Rg8+ Kf6 53. Rh8 1-0

[Event "*** SCC Grand Prix: Titled Tuesday Blitz"]
[Site "Chess.com"]
[Date "2020.06.09"]
[Round "8"]
[White "Semen_Khanin"]
[Black "albi1999"]
[Result "1-0"]
[WhiteElo "2744"]
[BlackElo "2572"]
[TimeControl "180+1"]
[EndTime "10:36:20 PDT"]
[Termination "Semen_Khanin won by resignation"]

1. e4 e5 2. Nf3 Nc6 3. Bb5 a6 4. Ba4 Nf6 5. O-O Be7 6. d3 b5 7.
Bb3 d6 8. a3 O-O 9. Nc3 Bg4 10. Be3 Nd4 11. Bxd4 exd4 12. Nd5 Nxd5 13. Bxd5 Rc8 14. Bc6 Bf6 15. h3 Bd7 16. Bxd7 Qxd7 17. Nd2 d5 18. exd5 Qxd5 19. Ne4 Be7 20. Re1 Rfe8 21.
a4 f5 22. Ng3 Bd6 23. axb5 Bxg3 24. fxg3 axb5 25. Qf3 Qxf3 26. gxf3 c6 27. Rxe8+ Rxe8 28. Kf2 Re5 29. b4 c5 30. f4 Rd5 31. Ke2 cxb4 32. Rb1 h6 33. Rxb4 g5 34. Rb1 Kg7 35. Ra1 gxf4 36. gxf4 Kg6 37. Ra6+ Kh5 38. Rc6 Kh4 39. Kf3 h5 40. Re6 Rc5 41. Re5 Rxc2 42. Rxf5 b4 43. Rb5 Rd2 44. Ke4 b3 45. Kxd4 b2 46. Ke3 Rc2 47. d4 Rh2 48. d5 Rxh3+ 49. Ke4 Rh2 50.
d6 Rd2 51. Ke5 Kg4 52. f5 h4 53. f6 h3 54. f7 Rf2 55. d7 h2 56. d8=Q Re2+ 57. Kf6 h1=Q 58. Qd4+ Qe4 59. Qxe4+ Rxe4 60. f8=Q Rf4+ 61. Ke7 Rxf8 62. Kxf8 b1=Q 1-0

[Event "*** SCC Grand Prix: Titled Tuesday Blitz"]
[Site "Chess.com"]
[Date "2020.06.09"]
[Round "8"]
[White "Dinamo81"]
[Black "evgchess5"]
[Result "0-1"]
[WhiteElo "2644"]
[BlackElo "2809"]
[TimeControl "180+1"]
[EndTime "10:36:21 PDT"]
[Termination "evgchess5 won by resignation"]

1. d4 Nf6 2. Bf4 e6 3. e3 c5 4. Nc3 cxd4 5. exd4 Bb4 6. Bd3 Nc6 7. Ne2 O-O 8. O-O d5 9. a3 Bd6 10. Qd2 b6 11.
Rae1 Bb7 12. Bxd6 Qxd6 13. f4 g6 14. Qe3 Rac8 15. Nd1 Ne7 16. Ng3 Nf5 17. Qe5 Qd8 18. c3 Nd6 19. Nf2 Bc6 20. Qe2 Qd7 21. h3 Bb5 22. Kh2 Bxd3 23. Nxd3 Nfe4 24. Ne5 Qd8 25. Nxe4 dxe4 26. Ng4 Kg7 27. Ne3 b5 28. g4 f5 29.
Rg1 Qc7 30. Ref1 Nc4 31. Ng2 a5 32. Nh4 Qd6 33. Rg3 Rc7 34. gxf5 exf5 35. Rg5 Rf6 36. Qf2 Kf8 37. Rfg1 b4 38. axb4 axb4 39. Ra1 Nb6 40.
Qe3 Nd5 41. Qg3 bxc3 42. Ng2 cxb2 43. Ra8+ Kf7 44. Qb3 Kg7 45. Qxb2 Nxf4 46. Nxf4 Qxf4+ 47. Rg3 Rfc6 48. Ra2 Rc3 49. d5 Qxg3+ 0-1